 Dungeon Crawl Stone Soup version 0.21.1-1-g345015f (console) character file.

462 erker the Changer (level 7, -17/64 HPs)
             Began as an Octopode Transmuter on May 9, 2018.
             Demolished by an ogre
             ... wielding a +0 giant spiked club
              (21 damage)
             ... on level 5 of the Dungeon.
             The game lasted 00:21:56 (6574 turns).

erker the Changer (Octopode Transmuter)             Turns: 6574, Time: 00:21:57

Health: -17/64     AC: 23    Str:  9    XL:     7   Next: 7%
Magic:  7/11       EV:  2    Int: 17    God:
Gold:   174        SH:  0    Dex: 18    Spells: 5/12 levels left

rFire    . . .     SeeInvis .   a - staff of wizardry
rCold    . . .     Gourm    .   (no shield)
rNeg     + + +     Faith    .   (helmet currently unavailable)
rPois    +         Spirit   .   (no amulet)
rElec    .         Reflect  .   (no ring)
rCorr    .         Harm     .   (no ring)
MR       .....     NoTele   +   (no ring)
Stlth    ++........             (no ring)
HPRegen  0.20/turn              (no ring)
MPRegen  0.12/turn              (no ring)
                                (no ring)
                                (no ring)

@: confused, agile, lethally poisoned (-17 -> -19), tree-form, drained
A: almost no armour, stealthy swim, (amphibious), 8 rings, (constrict 8)
a: no special abilities


You were on level 5 of the Dungeon.
You were near starving.
You were a tree.
You visited 1 branch of the dungeon, and saw 5 of its levels.

You collected 174 gold pieces.

Inventory:

Missiles
 e - 17 bolts
 p - 9 tomahawks (quivered)
 q - 16 poisoned needles
 r - 11 sling bullets
 s - 34 arrows
Magical Staves
 a - an uncursed staff of wizardry (weapon)
Scrolls
 d - 4 scrolls of identify {unknown}
 f - a scroll of blinking {unknown}
 g - a scroll of magic mapping {unknown}
 i - a scroll of teleportation {unknown}
 j - a scroll of enchant armour {unknown}
 l - a scroll of fear {unknown}
 m - 2 scrolls of fog {unknown}
 n - a scroll of noise {unknown}
 v - 2 scrolls of remove curse {unknown}
 w - a scroll of amnesia {unknown}
 x - a scroll of enchant weapon {unknown}
Potions
 h - a potion of curing {unknown}
 o - a potion of agility
 t - a potion of lignification
 u - a potion of berserk rage {unknown}
 z - a potion of might {unknown}
 A - a potion of mutation {unknown}
 B - a potion of invisibility {unknown}
 C - a potion of brilliance {unknown}
 D - a potion of resistance {unknown}
 E - a potion of haste {unknown}
Books
 b - a book of Changes

   Spells                             Type                      Level
   a - Beastly Appendage              Transmutation                1
   b - Sticks to Snakes               Transmutation                2
   c - Spider Form                    Transmutation/Poison         3
   d - Ice Form                       Ice/Transmutation            4
   e - Blade Hands                    Transmutation                5
Comestibles
 c - 9 rations


   Skills:
 + Level 1.0(0.2) Fighting
 + Level 2.1(1.3) Dodging
 + Level 0.5(0.0) Stealth
 + Level 3.1(2.3) Unarmed Combat
 + Level 3.2(2.4) Spellcasting
 * Level 5.8(4.9) Transmutations
 + Level 2.5(1.7) Ice Magic


You had 5 spell levels left.
You knew the following spells:

 Your Spells              Type           Power        Failure   Level  Hunger
a - Beastly Appendage     Tmut           ###...       1%          1    #......
t - Sticks to Snakes      Tmut           ###.....     1%          2    ##.....
y - Ice Form              Ice/Tmut       ##......     19%         4    #####..


Dungeon Overview and Level Annotations

Branches:
Dungeon (5/15)
 Temple: D:4-7

Altars:
Ashenzari


Innate Abilities, Weirdness & Mutations

You cannot wear most types of armour.
You are very stealthy in the water. (Stealth+)
((You are amphibious.))
You can wear up to eight rings at the same time.
((You can use your tentacles to constrict eight enemies at once.))
((Your skin changes colour to match your surroundings (Stealth+).))
((Your rubbery body absorbs attacks. (AC +1, EV +1)))


Message History

You warm up again.
Your uncursed staff of wizardry unmelds from your body.
You are near starving!
* * * LOW HITPOINT WARNING * * *
You feel sick.
Your ball python bites the ogre.
Your ball python barely misses the ogre.
Your ball python bites the ogre.
The ogre hits your ball python with a giant spiked club!!
Your ball python dies!
It was a potion of lignification.
You turn into a tree.
Your roots penetrate the ground.
Your ball python bites the ogre. x2
Your ball python barely misses the ogre.
It was a potion of agility.
You feel agile all of a sudden.
Your ball python barely misses the ogre. x2
It was a potion of ambrosia.
You are confused.
You feel invigorated.
You feel sick.
The ogre hits you with a giant spiked club!!
You die...

##### .....# ......#
#########
.......######.......# #
......S....##.......###..
......SO♣..<.............
...............<........
.......######.......###
......# #.......###
.....# #.........#
#############.......#.#
........##.......#.###
........##########....
.......(# #....


You could see an ogre and 2 friendly ball pythons.

Vanquished Creatures
  A sky beast (D:4)
  An ogre (D:4)
  An orc wizard (D:4)
  A hound (D:4)
  2 worker ants (D:5)
  A howler monkey skeleton (D:5)
  5 adders
  An adder zombie (D:5)
  A worm (D:2)
  5 dart slugs
  2 leopard geckos
  11 orcs
  3 giant cockroaches
  12 hobgoblins
  6 jackals
  6 quokkas
  2 ball pythons
  10 bats
  6 frilled lizards
  4 goblins
  10 kobolds
  7 rats
98 creatures vanquished.

Vanquished Creatures (collateral kills)
  A jelly (D:4)
  An orc wizard (D:4)
  A worm (D:4)
  2 orcs (D:4)
  A frilled lizard (D:2)
6 creatures vanquished.

Grand Total: 104 creatures vanquished

Notes
Turn   | Place    | Note
-------+----------+-------------------------------------------
     0 | D:1      | erker the Octopode Transmuter began the quest for the Orb.
     0 | D:1      | Reached XP level 1. HP: 13/13 MP: 3/3
   245 | D:1      | Reached XP level 2. HP: 17/18 MP: 5/5
   252 | D:1      | Learned a level 2 spell: Sticks to Snakes
   670 | D:1      | Reached skill level 3 in Transmutations
   670 | D:1      | Reached XP level 3. HP: 14/23 MP: 6/6
  2172 | D:2      | Reached XP level 4. HP: 23/28 MP: 8/8
  2424 | D:2      | Learned a level 4 spell: Ice Form
  3028 | D:3      | Reached skill level 4 in Transmutations
  3512 | D:3      | Reached skill level 1 in Ice Magic
  3542 | D:3      | Reached XP level 5. HP: 19/33 MP: 9/9
  4409 | D:4      | Found a shattered altar of Ashenzari.
  4703 | D:4      | Noticed an ogre
  4723 | D:4      | Killed an ogre
  4723 | D:4      | Reached skill level 5 in Transmutations
  4723 | D:4      | Reached XP level 6. HP: 23/38 MP: 2/10
  5129 | D:5      | Entered Level 5 of the Dungeon
  5129 | D:5      | Noticed a sky beast
  5160 | D:5      | Noticed a phantom
  5476 | D:4      | Killed a sky beast
  5727 | D:5      | Noticed an orc warrior
  6557 | D:5      | Reached XP level 7. HP: 37/43 MP: 5/11
  6571 | D:5      | HP: 1/43 [poisoned by a worker ant]
  6574 | D:5      | Demolished by an ogre

Skill      XL: |  1  2  3  4  5  6 |
---------------+-------------------+-----
Transmutations | 3 4 5 |  5.8
Ice Magic      | 1 2 |  2.5
Spellcasting   | 3 |  3.2
Fighting       | |  1.0
Dodging        | |  2.1
Stealth        | |  0.5
Unarmed Combat | |  3.1

Action                   |  1- 3 |  4- 6 |  7- 9 || total
-------------------------+-------+-------+-------++-------
Melee: Unarmed           |   113 |   173 |     3 ||   289
       Constrict         |    32 |    33 |       ||    65
       Tentacles         |    21 |    17 |       ||    38
       Kick              |     6 |     9 |       ||    15
       Punch             |     1 |     4 |       ||     5
       Staff             |       |     1 |       ||     1
Throw: Tomahawk          |       |     3 |       ||     3
 Cast: Beastly Appendage |     4 |    11 |       ||    15
       Sticks to Snakes  |       |    21 |     2 ||    23
       Ice Form          |       |     7 |       ||     7
  Use: Potion            |       |       |     3 ||     3
 Stab: Sleeping          |     4 |     7 |       ||    11
       Distracted        |       |     3 |       ||     3
  Eat: Chunk             |     4 |    12 |       ||    16
       Ration            |       |     1 |       ||     1
Armor: Skin              |    12 |    31 |       ||    43
Dodge: Dodged            |    66 |   150 |     1 ||   217
